 Dungeon Crawl Stone Soup version 0.31-a0-965-g8a8ce12e04 (webtiles) character file.

Game seed: 9270572970001345741

23 Maratek the Trooper (level 2, -2/24 HPs)
             Began as a Demonspawn Fighter on Oct 26, 2023.
             Hit by a goblin thrown by Robin (3 damage)
             ... on level 2 of the Dungeon.
             The game lasted 00:00:42 (639 turns).

Maratek the Trooper (Demonspawn Fighter)             Turns: 639, Time: 00:00:43

Health: -2/24      AC:  6    Str: 16    XL:     2   Next: 72%
Magic:  2/2        EV: 10    Int:  9    God:
Gold:   10         SH:  4    Dex: 12    Spells: 1/1 levels left

rFire   . . .        a - +0 trident
rCold   . . .        c - +0 buckler
rNeg    . . .        b - +0 scale mail
rPois   .            (no helmet)
rElec   .            (no cloak)
rCorr   .            (no gloves)
SInv    +            (no boots)
Will    .....        (no amulet) Stlth
                     i - ring of see invisible
HPRegen 0.24/turn    (no ring)
MPRegen 0.08/turn

%: no passive effects
@: no status effects
A: repulsion field 1
a: no special abilities


You were on level 2 of the Dungeon.
You visited 1 branch of the dungeon, and saw 2 of its levels.

You collected 10 gold pieces.

Inventory:

Hand Weapons
 a - a +0 trident (weapon)
Armour
 b - a +0 scale mail (worn)
 c - a +0 buckler (worn)
Jewellery
 i - a ring of see invisible (left hand)
Scrolls
 e - a scroll of identify {unknown}
 g - a scroll of fear {unknown}
 h - a scroll of immolation {unknown}
Potions
 d - a potion of might
 f - a potion of lignification {unknown}
 j - a potion of brilliance {unknown}


   Skills:
 + Level 3.1 Fighting
 + Level 2.2 Polearms
 + Level 2.9 Armour
 + Level 0.1 Dodging
 + Level 2.9 Shields


You had one spell level left.
You didn't know any spells.
Your spell library was empty.

Dungeon Overview and Level Annotations

Branches:
Dungeon (2/15)

Altars:

Annotations:
D:2 Robin


Innate Abilities, Weirdness & Mutations

You are surrounded by a mild repulsion field. (EV +2)


Message History

The goblin attacks as it pursues you! The goblin misses you.
The goblin attacks as it pursues you! The goblin closely misses you.
You are too injured to fight recklessly!
You are too injured to fight recklessly!
You hit the goblin.
You kill the goblin!
You closely miss the goblin.
The goblin no longer looks unusually strong.
The goblin hits you with a +0 dagger.
You barely miss the goblin. You block the goblin's attack.
You barely miss the goblin. The goblin hits you with a +0 dagger.
The goblin hits you but does no damage.
You completely miss the goblin.
The goblin no longer looks unusually strong.
Robin says, "My army is invincible!"
Robin roars a battlecry!
The goblins go into a battle-frenzy!
You block the goblin's attack.
You barely miss the goblin. The goblin closely misses you.
You hit the goblin but do no damage.
The hobgoblin no longer looks unusually strong.
The goblin no longer looks unusually strong.
Robin says, "Duck!"
Robin throws the goblin at you! The goblin hits you with a +0 dagger.
* * * LOW HITPOINT WARNING * * *
You hit the goblin.
The goblin is severely wounded.
The goblin no longer looks unusually strong.
Robin roars a battlecry!
The goblins go into a battle-frenzy!
The goblin hits you with a +0 dagger.
* * * LOW HITPOINT WARNING * * *
You block the goblin's attack. The goblin hits you with a +0 dagger.
* * * LOW HITPOINT WARNING * * *
The goblin barely misses you. The goblin closely misses you.
Robin's bangles clink loudly.
Robin throws the goblin at you!
You die...
Robin says, "And that's why I'm the boss."

.. #. #.## #.## # #...
...#..# #..# #..#..# #..#
#..#..# ##############.†#
#..#..##
.g....g.gg.@g#..#####.......
..####g####g.......##.)#..##
#. #..#..##.##..#.... #.
#............<.... #.
#.###.##.###.#.### #. #.#
#.##.###.#.# #. #.#
#..>#....#.. #. #.#
####.###.#### #.# #.# #.#


You could see Robin, a hobgoblin (strong) and 4 goblins.

Vanquished Creatures
  A dart slug (D:1)
  A bat (D:1)
  2 endoplasms (D:1)
  7 goblins
  2 hobgoblins
  A kobold (D:1)
  2 frilled lizards
  A rat (D:1)
17 creatures vanquished.

Notes
Turn   | Place    | Note
-------+----------+-------------------------------------------
     0 | D:1      | Maratek the Demonspawn Fighter began the quest for the Orb.
     0 | D:1      | Reached XP level 1. HP: 18/18 MP: 1/1
   205 | D:1      | Gained mutation: You are surrounded by a mild repulsion
                  | field. (EV +2) [demonic ancestry]
   205 | D:1      | Reached XP level 2. HP: 23/24 MP: 2/2
   618 | D:2      | Noticed Robin
   638 | D:2      | HP: 1/24 [goblin/+0 dagger[Robin] (5)]
   639 | D:2      | Hit by a goblin thrown by Robin

Illustrated notes

Levels and vault maps discovered:
D:1:      moated_graveyard_arrival, layout_loops_cross
D:2:      layout_loops_ring, uniq_robin

Skill      XL: |  1 |
---------------+----+-----
Polearms       | 2 |  2.2
Fighting       | |  3.1
Armour         | |  2.9
Dodging        | |  0.1
Shields        | |  2.9

Action                     || total
---------------------------++-------
  Melee: Trident           ||    57
 Armour: Scale mail        ||    43
  Dodge: Dodged            ||    26
  Block: Buckler           ||    12

Table legend: (Time is in decaauts)
 A = Elapsed time spent in this place.
 B = Non-inter-level travel time spent in this place.
 C = Inter-level travel time spent in this place.
 D = Time resting spent in this place.
 E = Time spent auto-exploring this place.
 F = Levels seen in this place.
 G = Mean time per level.
                   A        B        C        D        E       F      G
               +--------+--------+--------+--------+--------+-----+--------+
         Total |    651 |    637 |     14 |      0 |    530 |   2 |  325.5 |
       Dungeon |    651 |    637 |     14 |      0 |    530 |   2 |  325.5 |
               +--------+--------+--------+--------+--------+-----+--------+

Top non-repeatable levels by time:
     D:1: 552 daAuts
     D:2: 98 daAuts
